 Dungeon Crawl Stone Soup version 0.28-a0-1447-ga5a8893891 (webtiles) character file.

Game seed: 16301152922629342734

191 oldriver the Skirmisher (level 5, -5/54 HPs)
             Began as a Troll Chaos Knight on Jan 10, 2022.
             Was a Plaything of Xom.
             Killed from afar by a ynoxinul (41 damage)
             ... with an iron shot
             ... summoned by Xom
             ... on level 3 of the Dungeon.
             The game lasted 00:02:40 (2102 turns).

oldriver the Skirmisher (Troll Chaos Knight)        Turns: 2102, Time: 00:02:40

Health: -5/54      AC:  6    Str: 22    XL:     5   Next: 41%
Magic:  4/4        EV: 10    Int:  8    God:    Xom [*.....]
Gold:   46         SH:  0    Dex:  9    Spells: 4/4 levels left

rFire   . . .      SeeInvis .   a - +0 mace (chaos)
rCold   . . .      Faith    .   (no shield)
rNeg    . . .      Spirit   .   b - +2 robe
rPois   .          Reflect  .   (helmet restricted)
rElec   .          Harm     .   (no cloak)
rCorr   .          Rampage  .   (gloves unavailable)
Will    .....                   (boots unavailable)
Stlth   +.........              (no amulet)
HPRegen 0.98/turn               (no ring)
MPRegen 0.09/turn               (no ring)

@: no status effects
A: large, unfitting armour, claws 3, regeneration 1, shaggy fur 1, tough skin 1
a: Renounce Religion


You were on level 3 of the Dungeon.
You worshipped Xom.
You were a special plaything of Xom.
You visited 1 branch of the dungeon, and saw 4 of its levels.

You collected 46 gold pieces.

Inventory:

Hand Weapons
 a - a +0 mace of chaos (weapon)
Armour
 b - a +2 robe (worn)
Jewellery
 g - an amulet of faith
Scrolls
 f - 3 scrolls of identify {unknown}
 h - 4 scrolls of teleportation {unknown}
 j - a scroll of enchant armour {unknown}
 l - a scroll of fog {unknown}
 m - a scroll of blinking {unknown}
 n - a scroll of vulnerability {unknown}
 p - a scroll of magic mapping {unknown}
 q - 2 scrolls of noise {unknown}
Potions
 c - 2 potions of curing {unknown}
 d - 2 potions of ambrosia {unknown}
 e - a potion of might {unknown}
 i - 2 potions of brilliance {unknown}
 k - a potion of cancellation {unknown}
 o - a potion of haste {unknown}


   Skills:
 + Level 4.0 Fighting
 - Level 2.6 Maces & Flails
 + Level 3.6 Dodging


You had 4 spell levels left.
You didn't know any spells.
Your spell library contained the following spells:

 Spells                   Type           Power      Damage    Failure   Level
 Beastly Appendage        Tmut           0%         N/A       41%         1
 Wereblood                Tmut           0%         N/A       54%         2
 Spider Form              Tmut/Pois      0%         N/A       78%         3


Dungeon Overview and Level Annotations

Branches:
Dungeon (4/15)
 Temple: D:4-7

Altars:
Xom


Innate Abilities, Weirdness & Mutations

You are too large for most types of armour.
You have claws for hands.
Your natural rate of healing is unusually fast.
You are covered in fur. (AC +1)
You have tough skin. (AC +1)


Message History

There is an open door here.
Found a slimy cloak.
p - a scroll labelled YGHI QETURAI
Found a stone staircase leading up.
q - a scroll labelled QUNASHRE XIONGO
q - 2 scrolls labelled QUNASHRE XIONGO (gained 1)
f - 3 scrolls labelled KOOFRE ZECYRE (gained 1)
Found a stone staircase leading down.
h - 4 scrolls labelled ENUAPU UROSE (gained 1)
A hobgoblin comes into view. "Let's see if it's strong enough to survive yet."
You are now a special plaything of Xom.
You sock the ynoxinul! You freeze the ynoxinul.
The ynoxinul is moderately wounded.
The quasit bites you but does no damage.
The quasit claws you. The quasit closely misses you.
Unknown command.
The ynoxinul gestures.
You hit the quasit. You burn the quasit.
The quasit is moderately wounded.
The quasit bites you.
The quasit claws you but does no damage.
The quasit barely misses you.
The quasit bites you but does no damage.
The quasit claws you but does no damage.
The quasit closely misses you.
The ynoxinul gestures.
You hit the quasit but do no damage.
The quasit seems to grow stronger.
The quasit is moderately wounded.
The quasit bites you. The quasit closely misses you.
The quasit barely misses you. The hobgoblin barely misses you.
You barely miss the ice devil.
The hobgoblin hits you but does no damage.
The ice devil hits you. The ice devil freezes you!
Unknown command.
Found a scroll labelled KOOFRE ZECYRE.
The ynoxinul gestures at you. The iron shot hits you!!!
Ouch! That really hurt!
You die...

#.#.#.#.#
#..5#.#
##..#.#
#55#.#
#55#.#
##3#.#
######...#
.........4#
#######.g@#
#.#.# #.#.#
#.#.# #.#.#
#.#.# #.#..
..?


You could see an ice devil (summoned), a ynoxinul (summoned), a quasit
(summoned, strong), 3 ufetubi and a hobgoblin.

Vanquished Creatures
  An orc priest (D:2)
  An orc wizard (D:2)
  Robin (D:3)
  3 adders (D:2)
  An ufetubus (D:2)
  3 dart slugs
  8 orcs
  6 endoplasms
  3 giant cockroaches
  9 goblins
  6 hobgoblins
  2 jackals (D:1)
  9 kobolds
  4 quokkas (D:1)
  7 ball pythons
  4 bats (D:2)
  2 frilled lizards
  4 rats
74 creatures vanquished.

Vanquished Creatures (others)
  A goblin (D:3)
1 creature vanquished.

Grand Total: 75 creatures vanquished

Notes
Turn   | Place    | Note
-------+----------+-------------------------------------------
     0 | D:1      | oldriver the Troll Chaos Knight began the quest for the
                  | Orb.
     0 | D:1      | Reached XP level 1. HP: 22/22 MP: 0/0
   123 | D:1      | Reached XP level 2. HP: 29/29 MP: 1/1
   296 | D:1      | Reached skill level 3 in Fighting
   319 | D:1      | Reached XP level 3. HP: 37/37 MP: 2/2
   654 | D:1      | Found a faded altar of an unknown god.
   986 | D:2      | Reached XP level 4. HP: 45/45 MP: 3/3
  1103 | D:2      | XOM: divination: detect items
  1195 | D:2      | Reached XP level 5. HP: 40/54 MP: 4/4
  1377 | D:2      | XOM: silly message
  1787 | D:3      | Noticed Robin
  1793 | D:3      | XOM: noise
  1811 | D:3      | Noticed a shapeshifter
  1811 | D:3      | a goblin changed into a shapeshifter
  1811 | D:3      | Noticed a wind drake
  1811 | D:3      | a shapeshifter changed into a wind drake
  1814 | D:3      | XOM: fake destruction
  1864 | D:4      | XOM: scenery: create altars
  1876 | D:3      | XOM: blink monster(s)
  1893 | D:3      | Killed Robin
  1894 | D:3      | Reached skill level 4 in Fighting
  2023 | D:3      | XOM: silly message
  2095 | D:3      | XOM: summons 3 hostile demons
  2096 | D:3      | Noticed a ynoxinul
  2096 | D:3      | Noticed an ice devil
  2102 | D:3      | Killed from afar by a ynoxinul

Illustrated notes

Levels and vault maps discovered:
D:1:      saegor_arrival_simple_d, layout_loops_ring,
          dilly_ecumenical_altar_fadedgnrine
D:2:      cheibrodos_pilgrimage, layout_loops_corners, minmay_bisected
D:3:      layout_basic, uniq_crazy_yiuf_cottage, uniq_robin
D:4:      layout_rooms, doesnt_xom_only_xom

Skill      XL: |  1  2  3  4  5 |
---------------+----------------+-----
Dodging        | 2 3 |  3.6
Fighting       | 3 4 |  4.0
Maces & Flails | |  2.6

Action                   |  1- 3 |  4- 6 || total
-------------------------+-------+-------++-------
Melee: Mace              |   146 |   125 ||   271
       Punch             |     2 |     1 ||     3
 Stab: Sleeping          |     1 |       ||     1
       Paralysed         |       |     2 ||     2
Armor: Robe              |    78 |    82 ||   160
Dodge: Dodged            |    80 |   111 ||   191

Table legend: (Time is in decaauts)
 A = Elapsed time spent in this place.
 B = Non-inter-level travel time spent in this place.
 C = Inter-level travel time spent in this place.
 D = Time resting spent in this place.
 E = Time spent auto-exploring this place.
 F = Levels seen in this place.
 G = Mean time per level.
                   A        B        C        D        E       F      G
               +--------+--------+--------+--------+--------+-----+--------+
         Total |   2177 |   2119 |     58 |    137 |   1331 |   4 |  544.2 |
       Dungeon |   2177 |   2119 |     58 |    137 |   1331 |   4 |  544.2 |
               +--------+--------+--------+--------+--------+-----+--------+

Top non-repeatable levels by time:
     D:2: 1081 daAuts
     D:1: 726 daAuts
     D:3: 315 daAuts
     D:4: 54 daAuts
